Map: 永恒梦境-天梯版

Players

iGMacSed (MacSed) - Winner!

  • Race: Protoss Protoss

夜蝶蝶蝶蝶蝶蝶蝶 (Firefly)

  • Race: Protoss Protoss

Event: DreamHack SC2 Masters 2020 Summer China

VOD

Have the link to the VOD?

Description

Time

  • Played on: July 1, 2020, 9:10 a.m.
  • Length: 11:25

All games in this series

Show
View Real Time Build Order
Export as new Build Order

iGMacSed Protoss - Winner!

Build Orders:  

Get SALT Encoding   

  12  0:00  Probe  
  13  0:12  Probe  
  14  0:17  Pylon  
  14  0:23  Probe  
  15  0:31  Probe  
  16  0:37  Gateway  
  16  0:39  Probe  
  16  0:45  Assimilator  
  17  0:51  Probe  
  17  0:54  Assimilator  
  18  0:59  Probe  
  19  1:07  Probe  
  19  1:08  Gateway  
  19  1:17  Probe  
  20  1:23  Cybernetics Core  
  21  1:29  Probe  
  22  1:33  Pylon  
  22  1:41  Probe  
  23  1:53  Probe  
  24  1:59  Warp Gate  
  24  2:00  Adept x2  
  28  2:07  Probe  
  29  2:11  Pylon  
  29  2:20  Pylon  
  29  2:30  Stalker x2  
  33  2:50  Nexus  
  33  2:53  Probe  
  33  2:57  Shield Battery  
  34  3:05  Sentry  
  37  3:06  Sentry  
  37  3:11  Pylon  
  37  3:12  Probe  
  39  3:24  Robotics Facility  
  39  3:29  Probe  
  41  3:41  Probe  
  41  3:44  Shield Battery  
  41  3:50  Probe  
  42  3:59  Probe x2  
  42  4:01  Twilight Council  
  42  4:07  Stalker, Probe x2  
  42  4:09  Stalker  
  50  4:17  Probe  
  50  4:19  Probe  
  50  4:23  Pylon  
  52  4:27  Shield Battery  
  52  4:29  Probe  
  51  4:33  Stalker  
  51  4:36  Stalker  
  51  4:39  Probe  
  51  4:41  Probe  
  52  4:51  Probe  
  51  4:53  Probe  
  48  5:01  Adept x2  
  48  5:03  Probe  
  48  5:05  Probe  
  54  5:09  Resonating Glaives, Immortal  
  54  5:15  Probe  
  54  5:21  Sentry, Probe  
  60  5:24  Sentry  
  60  5:28  Assimilator, Probe  
  65  5:33  Pylon, Probe  
  64  5:46  Probe  
  64  5:47  Probe  
  63  5:54  Immortal  
  63  5:58  Probe  
  63  6:03  Gateway  
  64  6:10  Gateway, Probe  
  65  6:18  Gateway  
  65  6:19  Gateway  
  65  6:23  Gateway  
  65  6:28  Warp Prism  
  64  6:34  Gateway  
  66  6:46  Sentry x2  
  70  6:48  Probe  
  70  6:49  Pylon  
  69  6:59  Adept  
  69  7:02  Pylon  
  69  7:03  Pylon  
  69  7:05  Adept, Pylon  
  72  7:08  Observer  
  72  7:13  Adept x2  
  76  7:30  Adept x5  
  76  7:33  Adept  
  88  7:49  Adept  
  88  7:50  Adept x4  
  96  7:52  Adept  
  94  7:59  Adept  
  94  8:00  Adept  
  98  8:10  Adept x3  
  98  8:12  Sentry  
  106  8:17  Adept  
  106  8:20  Immortal  
  106  8:21  Adept x2  
  92  8:37  Adept x2  
  92  8:42  Adept  
  88  8:49  Sentry  
  88  8:51  Adept  
  88  8:59  Probe  
  88  9:01  Immortal  
  91  9:07  Adept x2  
  87  9:17  Adept x3  
  87  9:20  Adept  
  91  9:30  Stalker  
  87  9:34  Adept x2  
  87  9:42  Adept x5  
  97  9:46  Adept  
  87  10:07  Adept x6  
  87  10:09  Probe  
  98  10:18  Adept x2  
  102  10:26  Warp Prism  
  92  10:29  Stalker x2  
  92  10:31  Adept  
  82  10:55  Adept x5  
Show
View Real Time Build Order
Export as new Build Order

夜蝶蝶蝶蝶蝶蝶蝶 Protoss 

Build Orders:  

Get SALT Encoding   

  12  0:00  Probe  
  13  0:12  Probe  
  14  0:17  Pylon  
  14  0:24  Probe  
  15  0:33  Probe  
  15  0:35  Gateway  
  15  0:41  Probe  
  16  0:47  Assimilator  
  17  0:51  Assimilator  
  17  0:53  Probe  
  18  1:05  Probe  
  18  1:09  Gateway  
  19  1:16  Probe  
  20  1:22  Cybernetics Core  
  20  1:24  Probe  
  21  1:33  Probe  
  21  1:38  Pylon  
  22  1:44  Probe  
  23  1:58  Stalker x2  
  23  2:01  Warp Gate  
  27  2:11  Pylon  
  27  2:17  Probe  
  27  2:20  Pylon  
  28  2:29  Stalker  
  30  2:31  Stalker  
  32  2:58  Pylon  
  32  3:08  Adept, Nexus  
  32  3:11  Adept  
  36  3:18  Pylon  
  36  3:24  Shield Battery  
  36  3:33  Probe  
  37  3:50  Pylon  
  37  3:51  Adept x2  
  37  3:53  Probe  
  42  3:57  Robotics Facility  
  42  4:06  Adept  
  42  4:07  Adept  
  46  4:11  Probe  
  47  4:19  Probe x2  
  49  4:25  Pylon  
  49  4:27  Probe  
  49  4:28  Probe  
  48  4:37  Probe  
  45  4:40  Probe  
  45  4:49  Probe  
  45  4:52  Probe  
  43  5:00  Adept x2, Observer  
  43  5:01  Probe  
  43  5:04  Probe  
  43  5:05  Twilight Council  
  50  5:12  Immortal  
  50  5:14  Probe  
  51  5:19  Probe  
  56  5:21  Sentry x2  
  56  5:26  Probe  
  61  5:31  Probe  
  61  5:34  Pylon  
  62  5:38  Probe  
  62  5:40  Phoenix  
  63  5:43  Probe  
  63  5:47  Stalker  
  63  5:48  Stalker  
  64  5:50  Probe  
  64  5:54  Immortal  
  64  5:56  Probe  
  67  6:00  Blink  
  67  6:01  Assimilator  
  67  6:02  Probe  
  68  6:05  Forge  
  68  6:21  Protoss Ground Weapons Level 1  
  68  6:28  Gateway  
  68  6:29  Gateway  
  68  6:34  Gateway  
  68  6:36  Gateway, Pylon  
  68  6:47  Pylon  
  66  7:01  Shield Battery  
  65  7:02  Sentry x2, Warp Prism  
  65  7:03  Shield Battery  
  65  7:05  Pylon  
  69  7:10  Phoenix  
  69  7:12  Pylon  
  71  7:17  Probe x2  
  71  7:18  Photon Cannon  
  73  7:24  Stalker x2  
  73  7:25  Stalker  
  73  7:29  Pylon  
  79  7:38  Sentry, Stalker x2  
  85  7:51  Stalker  
  87  7:54  Stalker  
  85  8:00  Stalker  
  81  8:08  Stalker  
  81  8:09  Stalker  
  79  8:21  Stalker  
  59  8:31  Stalker x2  
  59  8:32  Zealot x2  
  65  8:38  Stalker  
  58  8:45  Stalker  
  56  8:56  Stalker  
  56  8:57  Zealot x3  
  56  9:00  Pylon  
  62  9:04  Stalker  
  62  9:09  Stalker  
  60  9:19  Stalker  
  60  9:23  Pylon  
  60  9:37  Stalker  
  62  9:42  Stalker  
  62  9:44  Probe  
  62  9:45  Probe  
  66  9:46  Assimilator  
  66  9:55  Shield Battery  
  66  9:59  Stalker  
  62  10:01  Zealot x2  
  62  10:11  Stalker  
  64  10:14  Stalker  
  60  10:26  Stalker  
  54  10:38  Stalker  
  54  10:39  Zealot x3  
  48  10:50  Stalker  
  46  10:59  Stalker  
  46  11:01  Stalker, Zealot  
Tags
 
Add a new tag
Caveats
  • Supply blocks, unpowered buildings, or Contaminate may cause inaccurate times.
  • Supply counts are checked every 10 seconds.